 Dungeon Crawl Stone Soup version 0.29-a0-878-g7b45a56547 (webtiles) character file.

Game seed: 6852950870629908530

154 BlueGoblin the Shooter (level 5, 0/27 HPs)
             Began as a Spriggan Hunter on July 20, 2022.
             Slain by Duvessa
             ... wielding a +0 rapier
              (3 damage)
             ... on level 4 of the Dungeon.
             The game lasted 00:05:58 (2038 turns).

BlueGoblin the Shooter (Spriggan Hunter)            Turns: 2038, Time: 00:05:59

Health: 0/27       AC:  7    Str:  7    XL:     5   Next: 13%
Magic:  6/6        EV: 18    Int: 10    God:
Gold:   150        SH:  0    Dex: 21    Spells: 4/4 levels left

rFire   . . .      SeeInvis +   a - +0 shortbow (venom)
rCold   . . .      Faith    .   (shield currently unavailable)
rNeg    . . .      Spirit   .   q - +1 robe of Quiet Fog {Fly}
rPois   .          Reflect  .   (helmet restricted)
rElec   .          Harm     .   (no cloak)
rCorr   .          Rampage  .   (gloves unavailable)
Will    .....                   (boots unavailable)
Stlth   ++........              (no amulet)
HPRegen 0.09/turn               j - +4 ring of protection
MPRegen 0.10/turn               (no ring)

@: brilliant, flying, very quick
A: very small, no large weapons, unfitting armour, see invisible, speed 3
a: no special abilities


You were on level 4 of the Dungeon.
You visited 2 branches of the dungeon, and saw 5 of its levels.

You collected 150 gold pieces.

Inventory:

Hand Weapons
 a - a +0 shortbow of venom (weapon)
 b - a +0 dagger
Armour
 c - a +0 robe
 q - the +1 robe of Quiet Fog (worn) {Fly}
   (You found it on level 3 of the Dungeon)

   Fly:       It grants you flight.
Jewellery
 j - a +4 ring of protection (left hand)
 s - a ring of fire
Wands
 l - a wand of paralysis (9)
 r - a wand of digging (5)
Scrolls
 d - a scroll of noise
 e - a scroll of immolation
 f - 3 scrolls of identify
 k - a scroll of fog
 m - 2 scrolls of amnesia
Potions
 g - a potion of haste
 h - a potion of experience {unknown}
 n - a potion of attraction {unknown}
 p - a potion of heal wounds {unknown}


   Skills:
 + Level 2.4 Fighting
 + Level 6.0 Ranged Weapons
 + Level 2.9 Dodging
 - Level 1.5 Stealth


You had 4 spell levels left.
You didn't know any spells.
Your spell library was empty.

Dungeon Overview and Level Annotations

Branches:
Dungeon (4/15)             Temple (1/1) D:4

Altars:
Ashenzari
Cheibriados
Fedhas
Makhleb
Nemelex Xobeh
Okawaru
Qazlal
Ru
Uskayaw
Wu Jian
Xom
Zin

Shops:
D:1 !   D:2 (

Annotations:
D:4 Dowan, Duvessa


Innate Abilities, Weirdness & Mutations

You are very small and have problems with some larger weapons.
You are too small for most types of armour.
You have supernaturally acute eyesight. (SInv)
You cover ground extremely quickly. (Speed+++)


Message History

The orc hits you but does no damage.
There is a staircase to the Ecumenical Temple here.
The orc hits you but does no damage.
You fly downwards.
Welcome to the Ecumenical Temple!
There is a staircase back to the Dungeon here.
You shoot an arrow. The arrow hits the orc!
You kill the orc!
No target in view!
Found a burning altar of Makhleb and a glowing silver altar of Zin.
Found six altars.
Found a stormy altar of Qazlal.
Found an iron altar of Okawaru and a shimmering altar of Xom.
There is a snail-covered altar of Cheibriados here.
Found a hide-covered altar of Uskayaw.
Done exploring.
Done exploring.
Done exploring.
There is a burning altar of Makhleb here.
There is a staircase back to the Dungeon here.
You fly upwards.
Welcome back to the Dungeon!
Level annotation: Dowan, Duvessa Duvessa hits you with a +0 rapier!
The hobgoblin hits you.
The hobgoblin hits you but does no damage.
Duvessa hits you with a +0 rapier!
There is a staircase to the Ecumenical Temple, spattered with blood here.
As you read the scroll labelled JOCEINAOGG, it crumbles to dust.
It is a scroll of brand weapon.
Your +0 shortbow drips with poison.
a - a +0 shortbow of venom (weapon)
The hobgoblin misses you. Duvessa hits you with a +0 rapier.
Dowan casts a spell at you. The puff of flame hits you!
* * * LOW HITPOINT WARNING * * *
Unknown command.
Unknown command.
Okay, then.
It was a potion of brilliance.
You feel clever all of a sudden. The hobgoblin completely misses you.
Duvessa hits you with a +0 rapier.
You die...

#......#..##
###.#####..## #
.#####..########
................
.........#######
......P.P.#
.....##.###
....P#...#P####
......e@.......
.....#..g#P....
.....##e##.....
####


P.P ##.. ... # ##... #.#. ..### You could see Duvessa, Dowan and a hobgoblin.

Vanquished Creatures
  Ijyb (D:4)
  A scorpion zombie (D:2)
  3 adders
  An adder skeleton (D:2)
  An adder zombie (D:2)
  A worm (D:3)
  2 dart slugs
  6 orcs
  6 bats
  A bat skeleton (D:2)
  A bat zombie (D:2)
  4 endoplasms
  5 giant cockroaches
  2 hobgoblins
  3 jackals (D:1)
  4 kobolds
  3 ball pythons
  A ball python skeleton (D:2)
  3 ball python zombies (D:2)
  4 frilled lizards
  2 goblins
  A jackal zombie (D:2)
  3 rats
59 creatures vanquished.

Vanquished Creatures (others)
  A plant (D:4)
1 creature vanquished.

Grand Total: 60 creatures vanquished

Notes
Turn   | Place    | Note
-------+----------+-------------------------------------------
     0 | D:1      | BlueGoblin the Spriggan Hunter began the quest for the Orb.
     0 | D:1      | Reached XP level 1. HP: 10/10 MP: 2/2
    37 | D:1      | Found a faded altar of an unknown god.
    94 | D:1      | Found Ziwken's Distillery.
   101 | D:1      | Reached XP level 2. HP: 14/14 MP: 3/3
   461 | D:2      | Reached XP level 3. HP: 18/18 MP: 4/4
   500 | D:2      | Reached skill level 5 in Ranged Weapons
   509 | D:2      | Identified the +2 ring mail of Xalun {rF+ Str+2 Int+4
                  | Stlth+}
   709 | D:2      | Reached XP level 4. HP: 23/23 MP: 5/5
   781 | D:2      | Found Nuqec's Weapon Shoppe.
  1475 | D:3      | Identified the +1 robe of Quiet Fog {Fly}
  1719 | D:4      | Noticed Ijyb
  1750 | D:4      | Killed Ijyb
  1751 | D:4      | Reached skill level 6 in Ranged Weapons
  1751 | D:4      | Reached XP level 5. HP: 24/27 MP: 6/6
  1840 | D:4      | Found a staircase to the Ecumenical Temple.
  1846 | D:4      | Noticed Duvessa
  1848 | D:4      | Noticed Dowan
  1852 | Temple   | Entered the Ecumenical Temple
  2038 | D:4      | Slain by Duvessa

Illustrated notes

Levels and vault maps discovered:
D:1:      lemuel_arrival_behind_the_door_small, layout_rooms,
          ebering_ecumenical_altar_sacrificial, serial_shops,
          nicolae_diamond_shop, minmay_misc_feat_rows
D:2:      layout_rooms, serial_undead, serial_undead_d, serial_undead_b,
          serial_undead_c, serial_undead_a, serial_undead_a, serial_undead_f,
          serial_shops, nicolae_shop_statue_plus
D:3:      layout_basic, minivault_25
D:4:      layout_rooms, overflow_temple_1_default,
          minmay_temple_entry_gardened_gates, serial_corexii_hall,
          corexii_hall_statues_deadend, chequers_hall_statues_corner_a,
          corexii_hall_statues_l, chequers_hall_statues_wall_a, uniq_duvessa,
          uniq_grinder, uniq_ijyb
Temple:   minmay_temple_bridge_abc

Skill      XL: |  1  2  3  4 |
---------------+-------------+-----
Ranged Weapons | 5 6 |  6.0
Fighting       | 2 |  2.4
Dodging        | |  2.9
Stealth        | |  1.5

Action                   |  1- 3 |  4- 6 || total
-------------------------+-------+-------++-------
 Fire: Shortbow          |    81 |    92 ||   173
  Use: Scroll            |     5 |     1 ||     6
       Potion            |       |     1 ||     1
Armor: Robe              |     6 |     9 ||    15
Dodge: Dodged            |    23 |    25 ||    48

Table legend: (Time is in decaauts)
 A = Elapsed time spent in this place.
 B = Non-inter-level travel time spent in this place.
 C = Inter-level travel time spent in this place.
 D = Time resting spent in this place.
 E = Time spent auto-exploring this place.
 F = Levels seen in this place.
 G = Mean time per level.
                   A        B        C        D        E       F      G
               +--------+--------+--------+--------+--------+-----+--------+
         Total |   1408 |   1303 |    105 |      0 |    895 |   5 |  281.6 |
       Dungeon |   1296 |   1216 |     80 |      0 |    815 |   4 |  324.0 |
        Temple |    111 |     86 |     25 |      0 |     80 |   1 |  111.0 |
               +--------+--------+--------+--------+--------+-----+--------+

Top non-repeatable levels by time:
     D:3: 442 daAuts
     D:1: 354 daAuts
     D:2: 317 daAuts
     D:4: 181 daAuts
  Temple: 111 daAuts
